 Dungeon Crawl Stone Soup version 0.29-a0-334-gb41bcbb86e (webtiles) character file.

Game seed: 5736435049802621104

50 GordonOverkill the Shooter (level 3, -2/21 HPs)
             Began as a Deep Elf Hunter on Apr 14, 2022.
             Killed by divine providence
             ... invoked by an orc priest
              (9 damage)
             ... on level 2 of the Dungeon.
             The game lasted 00:03:59 (2450 turns).

GordonOverkill the Shooter (Deep Elf Hunter)        Turns: 2450, Time: 00:03:59

Health: -2/21      AC: 10    Str:  9 (10) XL:     3   Next: 55%
Magic:  5/5        EV:  9    Int: 11 (13) God:
Gold:   88         SH:  0    Dex: 15 (18) Spells: 2/2 levels left

rFire   . . .      SeeInvis .   a - +2 shortbow
rCold   . . .      Faith    .   (shield currently unavailable)
rNeg    . . .      Spirit   .   f - +3 scale mail
rPois   .          Reflect  .   (no helmet)
rElec   .          Harm     .   (no cloak)
rCorr   .          Rampage  .   (no gloves)
Will    .....                   i - +0 pair of boots
Stlth   ..........              (no amulet)
HPRegen 0.07/turn               (no ring)
MPRegen 0.09/turn               (no ring)

@: no status effects
A: no striking features
a: no special abilities


You were on level 2 of the Dungeon.
You visited 1 branch of the dungeon, and saw 3 of its levels.

You collected 88 gold pieces.

Inventory:

Hand Weapons
 a - a +2 shortbow (weapon)
Armour
 b - a +0 leather armour
 f - a +3 scale mail (worn)
 i - a +0 pair of boots (worn)
Jewellery
 k - a +4 ring of evasion
Scrolls
 c - a scroll of immolation
 e - 2 scrolls of identify
 j - 3 scrolls of magic mapping
 l - a scroll of vulnerability
Potions
 d - a potion of ambrosia
 g - a potion of magic
 h - a potion of berserk rage


   Skills:
 - Level 2.0 Fighting
 + Level 6.0 Bows
 + Level 1.2 Armour
 - Level 3.0 Dodging
 - Level 1.2 Stealth


You had 2 spell levels left.
You didn't know any spells.
Your spell library was empty.

Dungeon Overview and Level Annotations

Branches:
Dungeon (3/15)

Altars:

Annotations:
D:2 Sigmund
D:3 Jessica


Message History

The orc priest miscasts a cantrip.
You shoot an arrow. The arrow hits the orc priest.
The orc priest is severely wounded.
The orc priest hits you but does no damage.
The orc priest barely misses you.
Jessica the Apprentice Sorceress comes into view.
She is wielding a +1 dagger of draining.
You shoot an arrow.
The arrow hits the orc priest but does no damage.
The orc priest is severely wounded.
The orc priest hits you but does no damage.
Jessica gestures at you while chanting. Pain shoots through your body!
* * * LOW HITPOINT WARNING * * *
You are too injured to fight recklessly!
You are too injured to fight recklessly!
You are too injured to fight recklessly!
The orc priest barely misses you.
Jessica drinks a potion.
Jessica flickers and vanishes!
Deactivating autopickup; reactivate with Ctrl-A.
You climb upwards.
Level annotation: Sigmund Reactivating autopickup.
There is a stone staircase leading down here.
Shoot: a) +2 shortbow
Press: ? - help, Q - select action Shift-Dir - straight line, f - orc priest
Aim: an orc priest, wielding a +0 mace and wearing a +0 scale mail (severely wounded, 69% to hit)
You shoot an arrow. The arrow hits the orc priest.
The orc priest is almost dead.
The orc priest mumbles some strange prayers to Beogh against you.
Pain shoots through your body!
* * * LOW HITPOINT WARNING * * *
The orc priest closely misses you.
Shoot: a) +2 shortbow
Press: ? - help, Q - select action Shift-Dir - straight line, f/p - orc priest
Aim: an orc priest, wielding a +0 mace and wearing a +0 scale mail (almost dead, 69% to hit)
You shoot an arrow.
The arrow closely misses the orc priest.
The orc priest mumbles some strange prayers to Beogh against you.
Beogh smites you!
You die...

.# #.# ##...#.# #.#
)####.# ##....# #.#
...##.########.#..####.#
##.##.##.......#.......#
#.##....########.######
#.####### #.# #.# #.#
#.# ##########[# #.#
#.......o@)# #.#
#.########## ##.# #.#
...#####.# .........#
##########


You could see an orc priest.

Vanquished Creatures
  2 worms (D:2)
  A dart slug (D:1)
  3 orcs (D:2)
  3 ball pythons
  5 bats
  2 endoplasms (D:1)
  2 goblins
  6 hobgoblins
  4 kobolds
  A quokka (D:1)
  6 frilled lizards
  2 rats (D:1)
37 creatures vanquished.

Notes
Turn   | Place    | Note
-------+----------+-------------------------------------------
     0 | D:1      | GordonOverkill the Deep Elf Hunter began the quest for the
                  | Orb.
     0 | D:1      | Reached XP level 1. HP: 12/12 MP: 3/3
   143 | D:1      | Reached XP level 2. HP: 12/17 MP: 4/4
   600 | D:1      | Found a faded altar of an unknown god.
  1349 | D:2      | Reached XP level 3. HP: 16/21 MP: 5/5
  1516 | D:2      | Noticed Sigmund
  1827 | D:2      | Reached skill level 1 in Armour
  2328 | D:2      | Reached skill level 6 in Bows
  2445 | D:3      | Noticed Jessica
  2450 | D:2      | Killed from afar by an orc priest

Illustrated notes

Levels and vault maps discovered:
D:1:      eino_arrival_cavern_a, layout_loops_ring,
          dreamdust_ecumenical_altar_statues
D:2:      layout_loops_ring, uniq_sigmund
D:3:      layout_basic, zin_purify, kennysheep_donut, minmay_lizard_king,
          uniq_jessica, uniq_ijyb

Skill      XL: |  1  2  3 |
---------------+----------+-----
Fighting       | 2 |  2.0
Dodging        | 3 |  3.0
Armour         | 1 |  1.2
Bows           | 6 |  6.0
Stealth        | |  1.2

Action                   || total
-------------------------++-------
 Fire: Shortbow          ||    90
  Use: Scroll            ||     7
       Potion            ||     3
Armor: Scale mail        ||    21
Dodge: Dodged            ||    23

Table legend: (Time is in decaauts)
 A = Elapsed time spent in this place.
 B = Non-inter-level travel time spent in this place.
 C = Inter-level travel time spent in this place.
 D = Time resting spent in this place.
 E = Time spent auto-exploring this place.
 F = Levels seen in this place.
 G = Mean time per level.
                   A        B        C        D        E       F      G
               +--------+--------+--------+--------+--------+-----+--------+
         Total |   2504 |   2374 |    130 |    833 |   1102 |   3 |  834.7 |
       Dungeon |   2504 |   2374 |    130 |    833 |   1102 |   3 |  834.7 |
               +--------+--------+--------+--------+--------+-----+--------+

Top non-repeatable levels by time:
     D:1: 1621 daAuts
     D:2: 868 daAuts
     D:3: 14 daAuts
